 Dungeon Crawl Stone Soup version 0.32-a0-468-g38b2580584 (webtiles) character file.

Game seed: 439086992928592661

210 funkygono the Magician (level 5, -3/28 HPs)
             Began as a Deep Elf Fire Elementalist on Feb 24, 2024.
             Was an Initiate of Sif Muna.
             Slain by Duvessa
             ... wielding a +0 short sword
              (10 damage)
             ... on level 4 of the Dungeon.
             The game lasted 00:06:06 (3820 turns).

funkygono the Magician (Deep Elf Fire Elementalist) Turns: 3820, Time: 00:06:07

Health: -3/28      AC:  8    Str:  5    XL:     5   Next: 56%
Magic:  11/14      EV: 13    Int: 22    God:    Sif Muna [......]
Gold:   144        SH:  0    Dex: 15    Spells: 4/14 levels left

rFire   . . .        h - +0 dagger (protect)
rCold   . . .        (no shield)
rNeg    . . .        a - +0 robe
rPois   .            (no helmet)
rElec   .            k - +2 cloak
rCorr   .            e - +1 pair of gloves {infuse}
SInv    .            n - +0 pair of boots
Will    +....        (no amulet)
Stlth   ++           l - ring of willpower
HPRegen 0.24/turn    (no ring)
MPRegen 0.14/turn

%: infuse magic (1 MP)
@: no status effects
A: no striking features
a: Renounce Religion


You were on level 4 of the Dungeon.
You worshipped Sif Muna.
Sif Muna was noncommittal.
You visited 2 branches of the dungeon, and saw 5 of its levels.

You collected 144 gold pieces.

Inventory:

Hand Weapons
 g - a +0 heavy short sword
 h - a +0 dagger of protection (weapon)
Armour
 a - a +0 robe (worn)
 e - a +1 pair of gloves of infusion (worn)
 k - a +2 cloak (worn)
 n - a +0 pair of boots (worn)
Magical Staves
 f - a staff of cold
Jewellery
 l - a ring of willpower (left hand)
Scrolls
 j - a scroll of teleportation
Potions
 c - a potion of haste
 d - 2 potions of brilliance {unknown}
 i - a potion of might
 p - a potion of invisibility
 q - a potion of lignification
 r - a potion of curing


   Skills:
 + Level 0.1 Fighting
 + Level 2.7 Dodging
 + Level 2.7 Stealth
 + Level 5.3 Spellcasting
 + Level 2.5 Conjurations
 + Level 5.0 Fire Magic


You had 4 spell levels left.
You knew the following spells:

 Your Spells              Type           Power      Damage    Failure   Level
a - Foxfire               Conj/Fire      88%        2x1d8     1%          1
b - Scorch                Fire           56%        2d7       1%          2
c - Volatile Blastmotes   Fire/Tloc      32%        2d12      11%         3
d - Flame Wave            Conj/Fire      22%        2d8       21%         4

Your spell library contained the following spells:

 Spells                   Type           Power      Damage    Failure   Level
 Necrotise                Necr           20%        1d5       10%         1
 Inner Flame              Hex/Fire       16%        N/A       11%         3
 Cigotuvi's Dreadful Rot  Necr/Alch/Air  10%        N/A       16%         2
 Dazzling Flash           Conj/Hex       22%        N/A       17%         3
 Mephitic Cloud           Conj/Alch/Air  9%         N/A       21%         3
 Summon Ice Beast         Ice/Summ       5%         N/A       30%         3
 Anguish                  Hex/Necr       2%         N/A       69%         4
 Dispel Undead            Necr           5%         3d7       69%         4
 Curse of Agony           Necr           5%         N/A       95%         5
 Silence                  Hex/Air        2%         N/A       95%         5
 Summon Mana Viper        Hex/Summ       5%         N/A       95%         5
 Haunt                    Necr/Summ      2%         N/A       100%        7
 Monstrous Menagerie      Summ           2%         N/A       100%        7
 Death's Door             Necr           2%         N/A       100%        9


Dungeon Overview and Level Annotations

Branches:
Dungeon (4/15)             Temple (1/1) D:4

Altars:
Ashenzari
Fedhas
Gozag
Hepliaklqana
Kikubaaqudgha
Makhleb
Nemelex Xobeh
Okawaru
Qazlal
Ru
Sif Muna
Trog
Uskayaw
Vehumet
Wu Jian
Yredelemnul
Zin

Annotations:
D:4 Duvessa


Message History

You kill Dowan!
Sif Muna accepts your kill.
Duvessa screams, "No!
How DARE you!"
Duvessa goes berserk!
The foxfire hits Duvessa.
Duvessa is burned terribly!
Duvessa is severely wounded.
Duvessa hits you but does no damage. Duvessa hits you with a +0 short sword!
Your Spellcasting skill increases to level 5!
Your Fire Magic skill increases to level 5!
Casting: Scorch (safe; 1% risk of failure)
Confirm with . or Enter, or press ? or * to list all spells.
Flames lash Duvessa.
Duvessa is severely wounded.
Duvessa completely misses you.
Unknown command.
Casting: Scorch (safe; 1% risk of failure)
Confirm with . or Enter, or press ? or * to list all spells.
You don't have enough magic to cast this spell.
Unknown command.
You barely miss Duvessa.
Duvessa is severely wounded.
Duvessa hits you with a +0 short sword. Duvessa barely misses you.
You hit Duvessa but do no damage.
Your weapon exudes an aura of protection.
Duvessa is severely wounded.
Duvessa hits you with a +0 short sword. Magic courses through your body.
Duvessa is no longer more vulnerable to fire.
Duvessa closely misses you. Duvessa barely misses you.
Casting: Scorch (safe; 1% risk of failure)
Confirm with . or Enter, or press ? or * to list all spells.
Flames lash Duvessa.
Duvessa is severely wounded.
Duvessa's fire resistance burns away.
Duvessa hits you with a +0 short sword.
* * * LOW HITPOINT WARNING * * *
Casting: Scorch (safe; 1% risk of failure)
Confirm with . or Enter, or press ? or * to list all spells.
Flames lash Duvessa.
Duvessa is burned terribly!
Duvessa is almost dead.
Duvessa hits you with a +0 short sword!
You die...

# #. #########
#.##### #@.).....
#.....###e#######
#.....'...#
#.....#####
#.....##
##......########
.................
###......########
##......#


You could see Duvessa (berserk, fast, combustible).

Vanquished Creatures
  Dowan (D:4)
  An orc wizard (D:3)
  5 adders
  3 dart slugs
  3 ribbon worms
  4 orcs (D:3)
  5 endoplasms
  A giant cockroach (D:2)
  5 hobgoblins
  4 jackals (D:1)
  8 kobolds
  5 quokkas
  9 ball pythons
  4 bats
  2 frilled lizards (D:3)
  9 goblins
  5 rats
74 creatures vanquished.

Vanquished Creatures (others)
  195 foxfires
195 creatures vanquished.

Grand Total: 269 creatures vanquished

Notes
Turn   | Place    | Note
-------+----------+-------------------------------------------
     0 | D:1      | funkygono the Deep Elf Fire Elementalist began the quest
                  | for the Orb.
     0 | D:1      | Reached XP level 1. HP: 10/10 MP: 6/6
   265 | D:1      | Reached XP level 2. HP: 15/15 MP: 5/8
   460 | D:1      | Learned a level 2 spell: Scorch
   873 | D:1      | Reached XP level 3. HP: 19/19 MP: 5/9
  1340 | D:2      | Learned a level 3 spell: Volatile Blastmotes
  1776 | D:2      | Found a glowing silver altar of Zin.
  1856 | D:2      | You fall into a shaft and drop 1 floor!
  2447 | D:2      | Reached XP level 4. HP: 24/24 MP: 8/12
  2753 | D:2      | Identified a scroll of acquirement
  2753 | D:2      | Acquired the Enchiridion on Horrid Rallying
  2761 | D:2      | Learned a level 4 spell: Flame Wave
  3312 | D:3      | Found a sacrificial altar of Ru.
  3312 | D:3      | Found an opulent altar of Gozag.
  3470 | D:3      | Reached XP level 5. HP: 25/28 MP: 8/14
  3682 | D:4      | Found a staircase to the Ecumenical Temple.
  3691 | Temple   | Entered the Ecumenical Temple
  3720 | Temple   | Became a worshipper of Sif Muna the Loreminder
  3789 | D:4      | Noticed Dowan
  3804 | D:4      | Noticed Duvessa
  3814 | D:4      | Killed Dowan
  3815 | D:4      | Reached skill level 5 in Spellcasting
  3815 | D:4      | Reached skill level 5 in Fire Magic
  3820 | D:4      | Slain by Duvessa

Illustrated notes

Levels and vault maps discovered:
D:1:      lightli_arrival_windingriver, layout_basic
D:2:      layout_loops_corners, basic_altar, minmay_joined_circles
D:3:      layout_basic, gammafunk_temple_overflow_wave, minmay_misc_feat_chi
D:4:      layout_basic, minmay_temple_entry_drinking_statues,
          minmay_misc_feat_rugged, uniq_duvessa, uniq_menkaure
Temple:   regret_index_temple_generic_petals

Skill      XL: |  1  2  3  4  5 |
---------------+----------------+-----
Fire Magic     | 4 5 |  5.0
Conjurations   | 2 |  2.5
Spellcasting   | 4 5 |  5.3
Fighting       | |  0.1
Dodging        | |  2.7
Stealth        | |  2.7

Action                     |  1- 3 |  4- 6 || total
---------------------------+-------+-------++-------
  Melee: Short sword       |     3 |       ||     3
         Dagger            |       |     2 ||     2
   Cast: Foxfire           |    72 |    46 ||   118
         Scorch            |    11 |    15 ||    26
    Use: Scroll            |       |    11 ||    11
         Potion            |       |     1 ||     1
 Armour: Robe              |    16 |    13 ||    29
  Dodge: Dodged            |    22 |     5 ||    27

Table legend: (Time is in decaauts)
 A = Elapsed time spent in this place.
 B = Non-inter-level travel time spent in this place.
 C = Inter-level travel time spent in this place.
 D = Time resting spent in this place.
 E = Time spent auto-exploring this place.
 F = Levels seen in this place.
 G = Mean time per level.
                   A        B        C        D        E       F      G
               +--------+--------+--------+--------+--------+-----+--------+
         Total |   3817 |   3745 |     72 |    148 |   3032 |   5 |  763.4 |
       Dungeon |   3760 |   3716 |     44 |    148 |   3032 |   4 |  940.0 |
        Temple |     56 |     29 |     27 |      0 |      0 |   1 |   56.0 |
               +--------+--------+--------+--------+--------+-----+--------+

Top non-repeatable levels by time:
     D:2: 1527 daAuts
     D:1: 1335 daAuts
     D:3: 816 daAuts
     D:4: 81 daAuts
  Temple: 56 daAuts
